 Dungeon Crawl Stone Soup version 0.29.1-2-gbd0b4ee654 (webtiles) character file.

Game seed: 2664403697764469569

1896 Orthodox the Fighter (level 9, -4/60 HPs)
             Began as a Gargoyle Fighter on Oct 23, 2022.
             Slain by a two-headed ogre
             ... wielding a +0 giant club
              (13 damage)
             ... on level 7 of the Dungeon.
             The game lasted 00:26:04 (8819 turns).

Orthodox the Fighter (Gargoyle Fighter)             Turns: 8819, Time: 00:26:05

Health: -4/60      AC: 14    Str: 21    XL:     9   Next: 15%
Magic:  9/9        EV:  9    Int: 10    God:
Gold:   363        SH:  5    Dex: 11    Spells: 8/8 levels left

rFire   . . .      SeeInvis .   x - +0 morningstar
rCold   . . .      Faith    .   c - +0 buckler
rNeg    + . .      Spirit   .   b - +0 scale mail
rPois   ∞          Reflect  .   (no helmet)
rElec   +          Harm     .   (no cloak)
rCorr   .          Rampage  .   k - +0 pair of gloves
Will    .....                   (no boots)
Stlth   ..........              (no amulet)
HPRegen 0.20/turn               (no ring)
MPRegen 0.11/turn               (no ring)

@: no status effects
A: sickness immunity, AC +6, negative energy resistance 1, electricity
resistance, torment resistance 1, petrification resistance
a: no special abilities


You were on level 7 of the Dungeon.
You visited 1 branch of the dungeon, and saw 7 of its levels.

You collected 363 gold pieces.

Inventory:

Hand Weapons
 a - a +0 flail
 x - a +0 morningstar (weapon)
Missiles
 o - a silver javelin (quivered)
 A - a throwing net
Armour
 b - a +0 scale mail (worn)
 c - a +0 buckler (worn)
 i - a +1 leather armour of cold resistance
 k - a +0 pair of gloves (worn)
Jewellery
 q - an amulet of faith
 u - a ring of ice
Wands
 s - a wand of flame (8)
 v - a wand of iceblast (11)
 y - a wand of polymorph (11)
Scrolls
 d - a scroll of immolation {unknown}
 e - a scroll of summoning
 f - 2 scrolls of fear
 g - 4 scrolls of teleportation
 j - 2 scrolls of identify {unknown}
 l - 2 scrolls of blinking {unknown}
 m - a scroll of brand weapon {unknown}
 n - a scroll of amnesia {unknown}
 p - a scroll of enchant weapon {unknown}
 w - a scroll of magic mapping {unknown}
 C - a scroll of fog {unknown}
Potions
 h - 2 potions of lignification
 r - 2 potions of curing
 t - 2 potions of cancellation
 z - 2 potions of heal wounds {unknown}
 B - a potion of attraction {unknown}
 D - a potion of mutation {unknown}


   Skills:
 + Level 9.2 Fighting
 + Level 8.1 Maces & Flails
 - Level 3.2 Armour
 - Level 5.0 Shields


You had 8 spell levels left.
You didn't know any spells.
Your spell library contained the following spells:

 Spells                   Type           Power      Damage    Failure   Level
 Slow                     Hex            0%         N/A       78%         1
 Confusing Touch          Hex            0%         N/A       98%         3
 Vampiric Draining        Necr           0%         2d6       98%         3


Dungeon Overview and Level Annotations

Branches:
Dungeon (7/15)             Temple (0/1) D:6

Altars:
Gozag

Shops:
D:1 :   D:2 =

Annotations:
D:4 2 transporters, Arctor's ghost, amateur DsGl
D:6 Eustachio


Innate Abilities, Weirdness & Mutations

You are immune to sickness and miasma.
Your stone body is resilient. (AC +6)
You are immune to poison.
You resist negative energy. (rN+)
You are resistant to electric shocks. (rElec)
You are resistant to unholy torment.
You are immune to petrification.


Message History

The gnoll dies!
Your sky beast hits the two-headed ogre.
Your sky beast shocks the two-headed ogre.
The two-headed ogre misses your sky beast.
The two-headed ogre hits your sky beast with a +0 giant club!!
Your sky beast dies!
Your sky beast's corpse dissolves into shadows!
You see here a +0 whip.
Your howler monkey hits the two-headed ogre.
The two-headed ogre hits your howler monkey with a +0 giant club.
The two-headed ogre barely misses your howler monkey.
Your howler monkey hits the two-headed ogre.
Your howler monkey barely misses the two-headed ogre.
The two-headed ogre closely misses your howler monkey.
The two-headed ogre misses your howler monkey.
You see here a +0 whip.
Your howler monkey barely misses the two-headed ogre.
The two-headed ogre hits your howler monkey with a +0 giant club!!
Your howler monkey dies!
Your howler monkey's corpse dissolves into shadows!
Your scorpion stings the two-headed ogre.
The two-headed ogre is poisoned.
Your scorpion poisons the two-headed ogre!
The two-headed ogre hits your scorpion with a +0 giant club.
The two-headed ogre hits your scorpion with a +0 giant club!!
Your scorpion dies!
Your scorpion's corpse dissolves into shadows!
You see here a +0 whip.
The two-headed ogre hits you with a +0 giant club!!
The two-headed ogre hits you with a +0 giant club!
You hit the two-headed ogre.
The two-headed ogre is moderately wounded.
The two-headed ogre misses you.
The two-headed ogre hits you with a +0 giant club!!
* * * LOW HITPOINT WARNING * * *
You hit the two-headed ogre but do no damage.
The two-headed ogre is moderately wounded.
You hear the hiss of a very distant avalanche of sand.
The two-headed ogre hits you with a +0 giant club!
You die...

#.# #.# #.# #......###########
#.# #.# #.#.##........<..# #.#
#O# #.#<##......####.# #.# #.#
#.#.##.####.# #.####.# #.#
#.#.##.####.# #....... #.#
#.#.##......# ##.#####
#.######.#.##>.###.#####.#####
#...........O@.).#.....)......
########.####..#.#.#####.#####
#># #......# #.# . #)#
#.##.#.# #.# # #.#
#.##.#.#####.### #.#
##.#....$.......#.# #.#
#........†....#.#.#
#.###..#..#....####.#.#
#......#..####.####.#.#


You could see a two-headed ogre (very poisoned).

Vanquished Creatures
  Grinder (D:3)
  Sigmund (D:3)
  A sky beast (D:7)
  A black bear (D:4)
  An ogre (D:3)
  3 phantoms (D:6)
  A kobold brigand (D:5)
  A gnoll sergeant (D:6)
  3 scorpions
  5 hounds
  A jelly (D:5)
  An orc priest (D:4)
  An iguana (D:3)
  Natasha (thrice) (D:3)
  4 orc wizards (D:4)
  12 gnolls
  2 adders (D:2)
  4 shadow imps
  A white imp (D:6)
  4 worms
  5 dart slugs
  22 orcs
  5 bats (D:1)
  13 endoplasms
  3 giant cockroaches
  5 goblins
  6 hobgoblins
  A jackal (D:1)
  14 kobolds
  8 quokkas
  9 ball pythons
  4 frilled lizards
  4 rats
150 creatures vanquished.

Vanquished Creatures (collateral kills)
  A gnoll (D:7)
1 creature vanquished.

Grand Total: 151 creatures vanquished

Notes
Turn   | Place    | Note
-------+----------+-------------------------------------------
     0 | D:1      | Orthodox the Gargoyle Fighter began the quest for the Orb.
     0 | D:1      | Reached XP level 1. HP: 14/14 MP: 1/1
   128 | D:1      | Reached XP level 2. HP: 19/19 MP: 2/2
   520 | D:1      | Reached XP level 3. HP: 19/24 MP: 3/3
   696 | D:1      | Found Noitioli's Book Emporium.
  1305 | D:2      | You fall into a shaft and drop 2 floors!
  1500 | D:4      | Reached skill level 4 in Fighting
  1633 | D:4      | Noticed a black bear
  1640 | D:3      | Reached XP level 4. HP: 3/29 MP: 4/4
  1952 | D:3      | Noticed Natasha
  1972 | D:3      | Killed Natasha
  2062 | D:3      | Noticed Natasha
  2221 | D:2      | Found a faded altar of an unknown god.
  2391 | D:2      | Found Pehuvani's Jewellery Boutique.
  2494 | D:2      | Reached XP level 5. HP: 33/34 MP: 5/5
  3248 | D:3      | Noticed an ogre
  3368 | D:3      | Killed Natasha
  3396 | D:3      | Killed an ogre
  3397 | D:3      | Reached skill level 5 in Shields
  3397 | D:3      | Reached XP level 6. HP: 40/40 MP: 6/6
  3452 | D:3      | Reached skill level 5 in Fighting
  3570 | D:3      | Noticed Natasha
  3583 | D:3      | Killed Natasha
  3717 | D:3      | Noticed Grinder
  3733 | D:3      | Paralysed by Grinder for 4 turns
  3745 | D:3      | Killed Grinder
  3746 | D:3      | Reached XP level 7. HP: 43/45 MP: 7/7
  3843 | D:3      | Noticed Sigmund
  3862 | D:3      | Killed Sigmund
  3863 | D:3      | Reached skill level 6 in Fighting
  3863 | D:3      | Reached skill level 5 in Maces & Flails
  4919 | D:4      | Reached skill level 7 in Fighting
  4919 | D:4      | Reached XP level 8. HP: 35/53 MP: 8/8
  5051 | D:4      | Found a transporter.
  5052 | D:4      | Noticed Arctor's ghost (amateur DsGl)
  5054 | D:4      | Identified the +5 dire flail "Lith" {drain, rF+ Dex+5}
  5058 | D:4      | Found a transporter.
  5394 | D:4      | Found an opulent altar of Gozag.
  6167 | D:5      | Entered Level 5 of the Dungeon
  6951 | D:5      | Reached skill level 8 in Fighting
  7872 | D:6      | Found a staircase to the Ecumenical Temple.
  8230 | D:6      | Noticed Eustachio
  8353 | D:6      | Reached XP level 9. HP: 60/60 MP: 9/9
  8581 | D:7      | Reached skill level 9 in Fighting
  8747 | D:7      | Noticed a two-headed ogre
  8819 | D:7      | Slain by a two-headed ogre

Illustrated notes

Levels and vault maps discovered:
D:1:      dpeg_arrival_rooms_a, layout_basic, serial_shops,
          nicolae_shop_waterfront, serial_bayou, serial_bayou_shore_b,
          serial_bayou_lagoon_b, serial_bayou_pond_b, serial_bayou_shore_b,
          chequers_serial_rivers_micro_a
D:2:      layout_loops_ring, serial_shops, shop,
          hellmonk_ecumenical_altar_crossroads, minmay_fractal_squares_5
D:3:      layout_rooms, uniq_natasha, uniq_sigmund, uniq_grinder
D:4:      layout_basic, pf_just_have_faith, gammafunk_ghost_smash,
          corexii_item_surrounded_by_moat
D:5:      layout_rooms, eino_small_chamber_without_monster
D:6:      layout_basic, temple_hall, chequers_garden, minmay_misc_feat_plants,
          uniq_eustachio
D:7:      layout_loops_ring, nicolae_yredelemnul_corpse_copse,
          gup_ossuary_entry_pyramid

Skill      XL: |  1  2  3  4  5  6  7  8  9 |
---------------+----------------------------+-----
Shields        | 4 5 |  5.0
Fighting       | 4 5 7 8 9 |  9.2
Maces & Flails | 3 4 6 7 8 |  8.1
Armour         | |  3.2

Action                   |  1- 3 |  4- 6 |  7- 9 || total
-------------------------+-------+-------+-------++-------
Melee: Flail             |    99 |   129 |   257 ||   485
       Morningstar       |       |       |   108 ||   108
Throw: Javelin           |       |     5 |     5 ||    10
  Use: Potion            |     1 |       |     6 ||     7
       Scroll            |     1 |       |     3 ||     4
Armor: Scale mail        |    59 |    63 |   179 ||   301
       Skin              |       |       |     3 ||     3
Dodge: Dodged            |    46 |    64 |   136 ||   246
Block: Buckler           |    30 |    25 |    63 ||   118
